AoeStats
← 喷子的DOTA2

Arena

510520029Analyzed
4v4 RM · 1d ago on Oct 1, 2026· 46m 44s· 8 players
Game mode
Random Map
Map size
Large (8 player)
Population
200
Speed
Normal
Resources
Standard
Victory
Conquest
Starting age
Dark Age
Ending age
Imperial Age
RankedLock teamsTeams togetherTeam positionsShared explorationLock speedFull tech treeHidden civsTurbo modeCheats
Victory
Defeat
🇨🇳 Gurjaras · China
946
+13
🇻🇳 Huns · Vietnam
868
+16
🇨🇳 Danes · China
759
+22
🇨🇳 Bengalis · China
901
-51
🇭🇰 Turks · Hong Kong SAR China
900
-18
🇭🇰 Vietnamese · Hong Kong SAR China
859
-16
🇨🇳 Mongols · China
851
-16
Dane!
10:54 Feudal Age
11:32 Double-Bit Axe
14:28 Castle Age
12:11 Horse Collar
15:29 Bow Saw
15:21 Heavy Plow
16:36 Loom
21:48 Wheelbarrow
22:46 Hand Cart
22:44 Gold Mining
27:06 Imperial Age
24:41 Scale Mail Armor
25:10 Forging
25:06 Squires
25:19 Arson
25:55 Chain Mail Armor
27:22 Iron Casting
27:27 Elite Varangian Guard
27:48 Capped Ram
30:06 Plate Mail Armor
30:36 Gambesons
31:52 Blast Furnace
30:50 Town Watch
33:08 Stone Mining
34:13 Gold Shaft Mining
34:02 Town Patrol
33:55 Onager
34:55 Siege Engineers
35:48 Siege Onager
36:53 Conscription
37:12 Northmen's Fury
40:10 Chemistry
41:24 Siege Ram
我是厨子不是愚公,只会做饭不会易大山
0:35 Loom
10:10 Feudal Age
10:48 Double-Bit Axe
16:08 Wheelbarrow
22:45 Castle Age
22:12 Horse Collar
22:28 Stone Mining
23:43 Gold Mining
27:05 Fletching
27:38 Fortified Wall
27:09 Treadmill Crane
30:38 Gold Shaft Mining
35:08 Imperial Age
32:42 Padded Archer Armor
32:57 Bodkin Arrow
33:31 Hand Cart
33:49 Masonry
35:15 Bow Saw
35:56 Leather Archer Armor
35:45 Heavy Plow
36:31 Architecture
37:17 Bracer
39:33 Ring Archer Armor
41:46 Two-Man Saw
43:18 Conscription
44:21 Fervor
44:25 Redemption
44:26 Fervor
45:53 Artillery
Roccia
10:28 Feudal Age
11:02 Double-Bit Axe
11:24 Horse Collar
13:58 Castle Age
16:36 Bow Saw
18:42 Loom
19:29 Fervor
19:47 Loom
21:47 Wheelbarrow
21:38 Heavy Plow
22:01 Stone Mining
23:18 Hand Cart
23:46 Stone Shaft Mining
23:20 Gold Mining
23:56 Gold Mining
25:32 Gold Shaft Mining
28:09 Imperial Age
25:49 Scale Barding Armor
26:20 Husbandry
26:31 Bloodlines
26:33 Forging
26:54 Sanctity
26:29 Herbal Medicine
27:06 Ballistics
26:26 Treadmill Crane
27:47 Chain Barding Armor
28:03 Iron Casting
27:50 Kshatriyas
27:39 Fletching
28:52 Bodkin Arrow
28:26 Elite Shrivamsha Rider
29:28 Conscription
29:49 Plate Barding Armor
30:04 Murder Holes
30:53 Crop Rotation
30:46 Heavy Camel Rider
32:15 Frontier Guards
34:53 Town Watch
38:29 Redemption
39:29 Bodkin Arrow
39:34 Scale Mail Armor
38:58 Elite Chakram Thrower
40:13 Hoardings
40:50 Chemistry
40:01 Masonry
42:30 Chain Mail Armor
46:01 Spies/Treason
LE MINH NHAT
11:19 Feudal Age
17:13 Castle Age
23:35 Double-Bit Axe
25:56 Bow Saw
26:28 Gold Mining
26:25 Horse Collar
26:55 Stone Mining
28:25 Gold Shaft Mining
28:49 Wheelbarrow
28:17 Heavy Plow
30:18 Hand Cart
34:13 Imperial Age
31:32 Loom
31:56 Scale Barding Armor
32:02 Forging
31:55 Marauders
32:10 Husbandry
32:23 Bloodlines
33:19 Chain Barding Armor
35:11 Iron Casting
35:18 Conscription
35:43 Plate Barding Armor
36:49 Elite Tarkan
38:48 Blast Furnace
喷子的DOTA2
10:52 Feudal Age
10:52 Loom
11:25 Double-Bit Axe
11:23 Horse Collar
13:19 Wheelbarrow
23:18 Castle Age
22:14 Town Watch
24:17 Crossbowman
25:42 Caravan
28:01 Hand Cart
28:15 Bow Saw
28:09 Heavy Plow
28:03 Gold Mining
32:16 Fletching
32:26 Padded Archer Armor
33:04 Bodkin Arrow
35:43 Imperial Age
34:51 Guard Tower
35:23 Ballistics
34:56 Elite Skirmisher
36:26 Pikeman
37:07 Squires
36:31 Imperial Skirmisher
观音的害怕
12:07 Feudal Age
13:22 Double-Bit Axe
13:19 Horse Collar
17:07 Castle Age
21:06 Heavy Plow
22:25 Bow Saw
26:45 Gold Mining
27:09 Forging
27:05 Scale Barding Armor
29:44 Imperial Age
28:04 Gold Shaft Mining
28:41 Wheelbarrow
29:24 Iron Casting
29:56 Hand Cart
29:44 Elite Steppe Lancer
31:09 Chain Barding Armor
37:15 Blast Furnace
myhoneyee
0:26 Loom
10:11 Feudal Age
16:55 Castle Age
15:35 Double-Bit Axe
15:54 Horse Collar
17:27 Gold Mining
21:26 Wheelbarrow
22:30 Heavy Plow
25:16 Bow Saw
26:56 Stone Mining
26:42 Crossbowman
31:21 Imperial Age
33:08 Chemistry
31:43 Arbalester
32:46 Pikeman
35:27 Two-Man Saw
mytristan1122
0:45 Loom
10:55 Feudal Age
16:13 Castle Age
14:32 Horse Collar
14:39 Double-Bit Axe
17:18 Heavy Plow
17:31 Bow Saw
26:19 Stone Mining
26:37 Gold Mining
30:42 Scale Barding Armor
33:10 Imperial Age
31:17 Wheelbarrow
30:29 Town Watch
31:19 Caravan
32:11 Ballistics
Connection lost

Rejoining the realm…

Still unreachable

The connection could not be restored.

Session expired

The server has moved on; the page needs a fresh start.